 Dungeon Crawl Stone Soup version 0.26-a0-1164-g1a551d6a14 (webtiles) character file.

Game seed: 8916795699697823721

124 uibert the Vexing (level 4, 0/24 HPs)
             Began as a Vampire Enchanter on Dec 23, 2020.
             Hit by a boomerang thrown by an orc (2 damage)
             ... on level 3 of the Dungeon.
             The game lasted 00:10:27 (3561 turns).

uibert the Vexing (Vampire Enchanter)               Turns: 3561, Time: 00:10:27

Health: 0/24       AC:  8    Str:  8    XL:     4   Next: 81%
Magic:  7/7        EV: 10    Int: 17    God:
Gold:   114        SH:  3    Dex: 14    Spells: 4/7 levels left

rFire    + . .     SeeInvis +   a - +1 dagger
rCold    + . .     Faith    .   o - +0 buckler
rNeg     + + +     Spirit   .   p - +3 ring mail
rPois    ∞         Reflect  .   (no helmet)
rElec    .         Harm     .   (no cloak)
rCorr    .         Rampage  .   (no gloves)
Will     .....                  (no boots)
Stlth    ++++......             (no amulet)
HPRegen  0.00/turn              m - ring of fire
MPRegen  0.10/turn              (no ring)

@: bloodless
A: fangs 3, see invisible, unbreathing
a: Bat Form, Revivify


You were on level 3 of the Dungeon.
You visited 1 branch of the dungeon, and saw 3 of its levels.

You collected 114 gold pieces.

Inventory:

Hand Weapons
 a - a +1 dagger (weapon)
 k - a +0 spear
Missiles
 e - 105 stones
Armour
 b - a +0 robe
 o - a +0 buckler (worn)
 p - a +3 ring mail (worn)
Jewellery
 l - an uncursed ring of teleportation
 m - a ring of fire (left hand)
Scrolls
 c - 6 scrolls of identify
 h - a scroll of immolation
 q - a scroll of fog {unknown}
 t - a scroll of teleportation {unknown}
 u - a scroll of enchant weapon {unknown}
Potions
 d - a potion of mutation {unknown}
 f - a potion of might {unknown}
 g - a potion of degeneration {unknown}
 i - a potion of ambrosia {unknown}
 j - a potion of berserk rage {unknown}
 n - a potion of brilliance {unknown}
 r - a potion of attraction {unknown}
 s - a potion of lignification {unknown}


   Skills:
 + Level 0.2 Fighting
 + Level 1.4 Short Blades
 + Level 0.2 Armour
 + Level 3.1 Dodging
 + Level 5.5 Stealth
 + Level 0.4 Shields
 + Level 2.1 Spellcasting
 * Level 6.2 Hexes


You had 4 spell levels left.
You knew the following spells:

 Your Spells              Type           Power        Failure   Level
a - Corona                Hex            25%          8%          1
b - Ensorcelled Hibernat  Hex/Ice        24%          38%         2

Your spell library contained the following spells:

 Spells                   Type           Power        Failure   Level
 Confusing Touch          Hex            23%          22%         3
 Tukima's Dance           Hex            23%          22%         3
 Dazzling Flash           Conj/Hex       24%          63%         3


Dungeon Overview and Level Annotations

Branches:
Dungeon (3/15)

Altars:
Ashenzari
Cheibriados
Zin
The Shining One


Innate Abilities, Weirdness & Mutations

You do not regenerate when monsters are visible.
You are frail without blood (-20% HP).
You can heal yourself when you bite living creatures.
You are immune to poison.
You have razor-sharp teeth.
You have supernaturally acute eyesight. (SInv)
You can survive without breathing.


Message History

You're too confused to cast spells.
Okay, then.
You're too confused to cast spells.
Unknown command.
You bump into the rock wall.
The orc hits you but does no damage.
The orc throws a boomerang.
The boomerang hits you.
* * * LOW HITPOINT WARNING * * *
The weapon returns to the orc!
The orc throws a boomerang.
The boomerang closely misses you.
The weapon returns to the orc!
You feel less confused.
The orc throws a boomerang.
The boomerang barely misses you.
The weapon returns to the orc!
The orc throws a boomerang.
The boomerang hits you.
* * * LOW HITPOINT WARNING * * *
The weapon returns to the orc!
The orc throws a boomerang.
The boomerang closely misses you.
The weapon returns to the orc!
The orc throws a boomerang.
The boomerang hits you.
You die...

.###....#.#....#
...###.#####.#
.....###...###o
.......'._.#ooo.
.....###...###..
#..###.#####.### ###
####....#.#....###..
#......##)##......####.#
.......#...#....@.......
......##...##...........
......#.....#.......####
....(.#.....#.......#
..#######..#........#
..# ##.#.....#..# ..##
#..........# ...#
##)o....#.## ...#
#......#.#


You could see an orc.

Vanquished Creatures
  An orc wizard (D:3)
  A worker ant zombie (D:3)
  4 gnolls (D:2)
  A worm (D:3)
  2 leopard geckos
  3 orcs (D:3)
  A ball python (D:3)
  3 giant cockroaches
  8 goblins
  4 hobgoblins
  2 kobolds
  A quokka (D:2)
  4 bats
  2 frilled lizards
  9 rats
46 creatures vanquished.

Notes
Turn   | Place    | Note
-------+----------+-------------------------------------------
     0 | D:1      | uibert the Vampire Enchanter began the quest for the Orb.
     0 | D:1      | Reached XP level 1. HP: 13/13 MP: 3/3
   625 | D:1      | Reached XP level 2. HP: 13/15 MP: 5/5
   628 | D:1      | Learned a level 2 spell: Ensorcelled Hibernation
   701 | D:1      | Reached skill level 5 in Hexes
  1331 | D:2      | Reached skill level 5 in Stealth
  1331 | D:2      | Reached XP level 3. HP: 8/19 MP: 6/6
  1849 | D:2      | Found a snail-covered altar of Cheibriados.
  1851 | D:2      | Found a glowing silver altar of Zin.
  1851 | D:2      | Found a glowing golden altar of the Shining One.
  2290 | D:2      | Reached skill level 6 in Hexes
  2290 | D:2      | Reached XP level 4. HP: 24/24 MP: 7/7
  2889 | D:3      | Found a broken altar of Ashenzari.
  3561 | D:3      | Hit by a boomerang thrown by an orc

Illustrated notes

Levels and vault maps discovered:
D:1:      elethiomel_arrival_maze, layout_basic
D:2:      layout_loops_corners, grunt_temple_overflow_open
D:3:      layout_basic, nicolae_ashenzari_panopticon

Skill      XL: |  1  2  3 |
---------------+----------+-----
Hexes          | 5 6 |  6.2
Stealth        | 5 |  5.5
Dodging        | 3 |  3.1
Fighting       | |  0.2
Short Blades   | |  1.4
Armour         | |  0.2
Shields        | |  0.4
Spellcasting   | |  2.1

Action                   |  1- 3 |  4- 6 || total
-------------------------+-------+-------++-------
Melee: Dagger            |    72 |    97 ||   169
       Bite              |     7 |    11 ||    18
       Spear             |    12 |       ||    12
 Cast: Corona            |     1 |     5 ||     6
       Ensorcelled Hiber |    17 |       ||    17
 Abil: Exsanguinate      |     1 |       ||     1
  Use: Scroll            |     2 |       ||     2
 Stab: Sleeping          |    21 |     8 ||    29
       Distracted        |       |     1 ||     1
Armor: Robe              |    11 |       ||    11
       Ring mail         |       |    40 ||    40
Dodge: Dodged            |    45 |    43 ||    88
Block: Buckler           |       |    13 ||    13

Table legend: (Time is in decaauts)
 A = Elapsed time spent in this place.
 B = Non-inter-level travel time spent in this place.
 C = Inter-level travel time spent in this place.
 D = Time resting spent in this place.
 E = Time spent auto-exploring this place.
 F = Levels seen in this place.
 G = Mean time per level.
                   A        B        C        D        E       F      G
               +--------+--------+--------+--------+--------+-----+--------+
         Total |   3552 |   3514 |     38 |   1228 |   1330 |   3 | 1184.0 |
       Dungeon |   3552 |   3514 |     38 |   1228 |   1330 |   3 | 1184.0 |
               +--------+--------+--------+--------+--------+-----+--------+

Top non-repeatable levels by time:
     D:2: 1404 daAuts
     D:1: 1200 daAuts
     D:3: 946 daAuts
